 Dungeon Crawl Stone Soup version 0.20.1-1-g8b1a95d (webtiles) character file.

60 mythless the Sneak (level 4, 0/34 HPs)
             Began as a Human Assassin on Nov 4, 2017.
             Succumbed to an adder's poison
             ... on level 1 of the Dungeon on Nov 5, 2017.
             The game lasted 00:24:15 (2871 turns).

mythless the Sneak (Human Assassin)                 Turns: 2871, Time: 00:24:16

Health: 0/34       AC:  4    Str: 12    XL:     4   Next: 24%
Magic:  4/4        EV: 11    Int: 11    God:
Gold:   100        SH:  0    Dex: 15    Spells: 3/3 levels left

rFire    . . .     SeeInvis .   b - +0 blowgun
rCold    . . .     Gourm    .   (no shield)
rNeg     . . .     Faith    .   m - +0 leather armour
rPois    .         Spirit   .   (no helmet)
rElec    .         Reflect  .   d - +0 cloak
rCorr    .         Harm     .   (no gloves)
MR       .....                  (no boots)
Stlth    +++.......             (no amulet)
Regen    0.2/turn               (no ring)
MPRegen  0.1/turn               (no ring)

@: lethally poisoned (0 -> -16)
A: no striking features
a: no special abilities


You were on level 1 of the Dungeon.
You were near starving.

You visited 1 branch of the dungeon, and saw 2 of its levels.

You collected 100 gold pieces.

Inventory:

Hand Weapons
 a - a +2 dagger
 b - a +0 blowgun (weapon)
 i - a +0 short sword
 l - a +0 short sword
 q - a -2 dagger
Missiles
 e - 8 poisoned needles (quivered)
 f - 2 curare-tipped needles
 k - 61 arrows
Armour
 c - a +0 robe
 d - a +0 cloak (worn)
 m - a +0 leather armour (worn)
 p - a +0 robe
Jewellery
 h - an uncursed amulet of harm {unknown}
Scrolls
 n - a scroll of identify {unknown}
 o - a scroll of random uselessness {unknown}
 r - a scroll of immolation {unknown}
Comestibles
 g - a bread ration


   Skills:
 + Level 2.3 Fighting
 + Level 2.4 Short Blades
 + Level 2.0 Throwing
 + Level 0.6 Armour
 + Level 1.2 Dodging
 + Level 5.1 Stealth


You had 3 spell levels left.
You didn't know any spells.

Dungeon Overview and Level Annotations

Branches:
Dungeon (2/15)

Altars:


Message History

You clumsily bash the hobgoblin but do no damage.
You feel sick. The kobold hits you with a whip. The adder bites you.
The hobgoblin barely misses you. The kobold misses you. The adder bites you.
You are more poisoned.
The adder poisons you!
You clumsily bash the hobgoblin but do no damage.
You feel sick. The hobgoblin closely misses you. The adder bites you.
The kobold barely misses you. The hobgoblin hits you with a club.
* * * LOW HITPOINT WARNING * * *
You clumsily bash the hobgoblin but do no damage.
* * * LOW HITPOINT WARNING * * *
You feel sick. The adder bites you.
* * * LOW HITPOINT WARNING * * *
The kobold hits you but does no damage. The adder bites you.
* * * LOW HITPOINT WARNING * * *
You are more poisoned.
The adder poisons you! The hobgoblin closely misses you.
The kobold barely misses you.
You clumsily bash the hobgoblin but do no damage.
You die...

.####..# #.#
.......# #.#
####...##########.#
#..............#.#
#.##.#########.#.#
#.##.# #.#.# #.##†#
#†#.#
#)##.#########K#g#
#.##..........S@.#
##.##.#########.###
...##.# #.# ......#
#.# ...###♣♣♣♣
***#.#
##...♣*PP♣♣*,*#.#
###♣♣*...P*,*#.#
### *P♣.P.P♣,*#.#
..#♣♣♣..♣**♣.*#.#


You could see an adder, a hobgoblin and a kobold.

Vanquished Creatures
  A bullfrog skeleton (D:1)
  3 dart slugs (D:1)
  A leopard gecko (D:1)
  3 bats (D:1)
  5 goblins (D:1)
  A hobgoblin (D:1)
  5 kobolds (D:1)
  A frilled lizard (D:1)
  7 rats (D:1)
27 creatures vanquished.

Notes
Turn   | Place    | Note
-------+----------+-------------------------------------------
     0 | D:1      | mythless the Human Assassin began the quest for the Orb.
     0 | D:1      | Reached XP level 1. HP: 16/16 MP: 1/1
   364 | D:1      | Reached XP level 2. HP: 22/22 MP: 2/2
  1436 | D:1      | Reached XP level 3. HP: 15/27 MP: 3/3
  1934 | D:1      | Reached skill level 5 in Stealth
  2045 | D:1      | Reached XP level 4. HP: 15/33 MP: 4/4
  2871 | D:1      | Succumbed to an adder's poison

Skill      XL: |  1  2  3 |
---------------+----------+-----
Stealth        | 5 |  5.1
Fighting       | |  2.3
Short Blades   | |  2.4
Throwing       | |  2.0
Armour         | |  0.6
Dodging        | |  1.2

Action                   |  1- 3 |  4- 6 || total
-------------------------+-------+-------++-------
Melee: Dagger            |   114 |     6 ||   120
       Blowgun           |       |     7 ||     7
  Use: Scroll            |     3 |       ||     3
       Potion            |     2 |       ||     2
 Stab: Sleeping          |     5 |       ||     5
       Distracted        |     1 |       ||     1
  Eat: Bread ration      |     1 |       ||     1
Armor: Leather armour    |    33 |    12 ||    45
       Robe              |     1 |       ||     1
Dodge: Dodged            |    62 |    13 ||    75
